 Dungeon Crawl Stone Soup version 0.21.1-1-g345015f (webtiles) character file.

7034 tidbits the Magician (level 11, -1/81 HPs)
             Began as a Gnoll Fire Elementalist on Mar 14, 2018.
             Was a Priest of Cheibriados.
             Slain by a very large slime creature (28 damage)
             ... on level 10 of the Dungeon.
             The game lasted 00:35:07 (3222 turns).

tidbits the Magician (Gnoll Fire Elementalist)      Turns: 3222, Time: 00:35:08

Health: -1/81      AC:  8    Str: 40    XL:     11   Next: 8%
Magic:  8/22       EV: 25    Int: 32    God:    Cheibriados [***...]
Gold:   307        SH:  0    Dex: 28    Spells: 13/25 levels left

rFire    . . .     SeeInvis +   V - +7 hand axe "Zerus" {freeze, MR- Str+8}
rCold    + . .     Gourm    .   (no shield)
rNeg     . . .     Faith    .   B - +1 leather armour of Vehumet's Displeasure {*Contam rElec Str+8}
rPois    .         Spirit   .   E - +0 helmet {Int+3}
rElec    +         Reflect  .   C - +0 cloak
rCorr    .         Harm     .   G - +0 pair of gloves
MR       .....                  (no boots)
Stlth    +++++.....             k - amulet of regeneration
HPRegen  0.63/turn              h - ring of protection from cold
MPRegen  0.18/turn              I - ring of see invisible

@: mighty, agile, very slow
A: distributed training, fangs 1, strong nose
a: Bend Time, Temporal Distortion, Renounce Religion


You were on level 10 of the Dungeon.
You worshipped Cheibriados.
Cheibriados was most pleased with you.
You were not hungry.

You visited 2 branches of the dungeon, and saw 11 of its levels.
You also visited: Ossuary.

You collected 333 gold pieces.
You spent 26 gold pieces at shops.

Inventory:

Hand Weapons
 a - a +0 dagger
 b - a +0 morningstar
 d - a +0 hunting sling
 e - a +2 vampiric spear
   (You found it on level 2 of the Dungeon)
 i - a +0 dire flail
 n - a +0 shortbow
 J - a +4 hand crossbow of freezing
   (You found it on level 7 of the Dungeon)
 K - a +0 broad axe
 O - a +0 scimitar
 V - the +7 hand axe "Zerus" (weapon) {freeze, MR- Str+8}
   (You found it on level 8 of the Dungeon)

   It has been specially enchanted to freeze those struck by it, causing extra
   injury to most foes and up to half again as much damage against particularly
   susceptible opponents.
   It can also slow down cold-blooded creatures.
   It affects your strength (+8).
   It affects your resistance to hostile enchantments.
 W - a +0 longbow
Missiles
 g - 118 arrows
 s - 11 tomahawks (quivered)
 w - 26 stones
Armour
 f - a +0 helmet
 m - a +0 robe
 o - a cursed -1 plate armour
 t - a +0 ring mail of fire resistance
   (You found it on level 5 of the Dungeon)
 u - a +0 ring mail
 B - the +1 leather armour of Vehumet's Displeasure (worn) {*Contam rElec Str+8}
   (You found it on level 7 of the Dungeon)

   It affects your strength (+8).
   It insulates you from electricity.
   It causes magical contamination when unequipped.
 C - a +0 cloak (worn)
 E - a +0 helmet of intelligence (worn)
   (You found it on level 7 of the Dungeon)
 G - a +0 pair of gloves (worn)
 N - +0 storm dragon scales
Magical Staves
 v - an uncursed staff of earth
   (You found it on level 7 of the Dungeon)
 P - an uncursed staff of fire
   (You found it on level 8 of the Dungeon)
Jewellery
 h - a ring of protection from cold (left hand)
   (You found it on level 1 of the Dungeon)
 k - an amulet of regeneration (around neck)
   (You found it on level 5 of the Dungeon)
 I - a ring of see invisible (right hand)
   (You found it on level 9 of the Dungeon)
Scrolls
 j - 4 scrolls of teleportation
 p - 2 scrolls of fear
 r - 6 scrolls of remove curse
 x - a scroll of blinking
 y - 4 scrolls of immolation
 z - 3 scrolls of amnesia
 D - a scroll of fog
Potions
 q - a potion of cancellation
 F - a potion of brilliance
 H - a potion of resistance
 S - a potion of magic
 T - a potion of flight
 U - a potion of agility
 X - a potion of lignification {unknown}
 Z - a potion of curing
Books
 l - a book of Flames

   Spells                             Type                      Level
   a - Flame Tongue                   Conjuration/Fire             1
   b - Throw Flame                    Conjuration/Fire             2
   c - Conjure Flame                  Conjuration/Fire             3
   d - Inner Flame                    Hexes/Fire                   3
   e - Sticky Flame                   Conjuration/Fire             4
   f - Fireball                       Conjuration/Fire             5
 M - a book of Changes
   (You found it on level 6 of the Dungeon)

   Spells                             Type                      Level
   a - Beastly Appendage              Transmutation                1
   b - Sticks to Snakes               Transmutation                2
   c - Spider Form                    Transmutation/Poison         3
   d - Ice Form                       Ice/Transmutation            4
   e - Blade Hands                    Transmutation                5
Miscellaneous
 Y - a box of beasts
Comestibles
 c - 24 rations


   Skills:
 + Level 5.8 Fighting
 + Level 5.8 Short Blades
 + Level 5.8 Long Blades
 + Level 5.8 Axes
 + Level 5.8 Maces & Flails
 + Level 5.8 Polearms
 + Level 5.8 Staves
 + Level 5.8 Slings
 + Level 5.8 Bows
 + Level 5.8 Crossbows
 + Level 5.8 Throwing
 + Level 5.8 Armour
 + Level 7.5 Dodging
 + Level 7.2 Stealth
 + Level 5.8 Shields
 + Level 5.8 Unarmed Combat
 + Level 7.8 Spellcasting
 + Level 5.3 Conjurations
 + Level 4.8 Hexes
 + Level 4.8 Charms
 + Level 4.8 Summonings
 + Level 4.8 Necromancy
 + Level 4.8 Translocations
 + Level 4.8 Transmutations
 + Level 7.4 Fire Magic
 + Level 4.8 Ice Magic
 + Level 4.8 Air Magic
 + Level 4.8 Earth Magic
 + Level 4.8 Poison Magic
 + Level 6.4 Invocations
 + Level 5.8 Evocations


You had 13 spell levels left.
You knew the following spells:

 Your Spells              Type           Power        Failure   Level  Hunger
a - Flame Tongue          Conj/Fire      #####        1%          1    None
c - Conjure Flame         Conj/Fire      ######..     1%          3    None
j - Throw Flame           Conj/Fire      ######       1%          2    None
k - Sticks to Snakes      Tmut           #####...     1%          2    None
t - Sticky Flame          Conj/Fire      ######..     3%          4    #......


Dungeon Overview and Level Annotations

Branches:
Dungeon (10/15)            Temple (1/1) D:6            Lair (0/6) D:8
    Orc: D:9-12

Altars:
Cheibriados
Dithmenos
Elyvilon
Fedhas
Gozag
Hepliaklqana
Kikubaaqudgha
Makhleb
Nemelex Xobeh
Qazlal
Ru
Trog
Wu Jian
Xom
Yredelemnul
Zin
The Shining One
Jiyva

Shops:
D:8 *

Annotations:
D:4 Sigmund
D:6 Anonimus's ghost, novice DsFi
D:10 1 transporter


Innate Abilities, Weirdness & Mutations

Your experience applies equally to all skills.
You have very sharp teeth.
Your uncanny sense of smell can sniff out nearby items.


Message History

You feel agile all of a sudden.
The slime creature quivers.
Unknown command.
Press: ? - help, v - describe, . - travel, g - get item An ichor-stained broad axe.
The floor.
Unknown command.
Casting: Flame Tongue
Confirm with . or Enter, or press ? or * to list all spells.
Aiming: Conjure Flame
Press: ? - help, Dir - move target cursor The fire ignites!
The slime creature quivers.
The great orb of eyes turns its gaze towards you.
The slime creature moves out of view.
The great orb of eyes gazes at you.
You are blasted!
Ouch! That really hurt!
* * * LOW HITPOINT WARNING * * *
Your magical contamination has completely faded away. 3 slime creatures come into view.
Casting: Conjure Flame
Confirm with . or Enter, or press ? or * to list all spells.
Aiming: Conjure Flame
Press: ? - help, Dir - move target cursor The fire ignites!
The slime creature quivers. x2
Two slime creatures merge to form a large slime creature.
The great orb of eyes moves out of view.
Two slime creatures merge to form a large slime creature.
Unknown command.
You feel much better.
The slime creature quivers.
Unknown command.
Unknown command.
Okay, then.
Unknown command.
It was a potion of might.
You feel very mighty all of a sudden.
The large slime creature is engulfed in blazing flames.
The large slime creature closely misses you.
The large slime creature completely misses you.
You slash the large slime creature! You freeze the large slime creature.
The large slime creature is lightly wounded.
You slash the large slime creature! You freeze the large slime creature.
You slash the slime creature! You freeze the slime creature.
The slime creature quivers.
The slime creature is engulfed in blazing flames.
The slime creature misses you.
The large slime creature is engulfed in blazing flames.
The large slime creature misses you.
The large slime creature closely misses you.
You slash the large slime creature! You freeze the large slime creature.
You punch the large slime creature! You bite the large slime creature.
The large slime creature is heavily wounded.
You slash the large slime creature! You freeze the large slime creature.
You slash the slime creature! You freeze the slime creature.
The slime creature is engulfed in blazing flames.
You kill the slime creature!
Cheibriados appreciates the change of pace.
You have reached level 11!
The large slime creature is engulfed in blazing flames.
The large slime creature completely misses you. x2
Press: ? - help, v - describe, . - travel, g - get item A bloodstained war axe.
The floor.
Casting: Conjure Flame
Confirm with . or Enter, or press ? or * to list all spells.
Aiming: Conjure Flame
Press: ? - help, Dir - move target cursor The fire ignites!
The large slime creature is engulfed in blazing flames.
The large slime creature hits you!
Two slime creatures merge to form a very large slime creature.
The slime creature is engulfed in blazing flames.
The slime creature barely misses you.
Unknown command.
You slice the very large slime creature!!
You freeze the very large slime creature!
The very large slime creature is heavily wounded.
You slash the slime creature! You freeze the slime creature.
You hit the large slime creature. You freeze the large slime creature.
The slime creature quivers.
The large slime creature is engulfed in blazing flames.
The large slime creature hits you!
The slime creature is engulfed in blazing flames.
The slime creature hits you!
* * * LOW HITPOINT WARNING * * *
A great orb of eyes comes into view.
You can feel time thicken for a moment.
You kill the large slime creature!
Cheibriados appreciates the change of pace.
You feel somewhat more hungry.
You can no longer inflict damage on those overly hasty.
Cheibriados lowers the support of your attributes as your movement quickens.
The slime creature is engulfed in blazing flames.
You kill the slime creature!
Cheibriados appreciates the change of pace.
The very large slime creature hits you!!
You die...

....# #..# ....# #.†#
##.###©## ...# #..#
#..#.#..# ...# ##)(##
.J..... ..####..(.#
##.$$)G## ...#))).#.#
#..$_:..#
...†)##.#.####.§)).###
....##....##..GJ§§..)#
........#.# #@#
..###.#.#.## ###∆ .##
#......## ### ##
###.#...#######
#..###.....©.### #..##
#.........#
.................#
##.....##.........#
..........#..#....#


You could see 2 great orbs of eyes, a very large slime creature and a slime
creature.

Vanquished Creatures
  2 two-headed ogres
  A manticore (D:7)
  4 hornets
  3 slime creatures (D:10)
  The ghost of inc the Ducker, an amateur FeMo of Ru (D:5)
  2 hungry ghosts
  Grum (D:10)
  The ghost of letownia2 the Charmwright, an amateur MfSk (D:4)
  Menkaure (Ossuary)
  2 sky beasts
  An ice beast (D:8)
  2 orc warriors
  2 phantoms
  2 black bears (D:7)
  2 wolves (D:10)
  2 ogres
  3 centaurs
  Blork the orc (D:6)
  4 bullfrogs
  4 scorpions
  6 killer bees
  A wight (D:7)
  3 howler monkeys
  A bullfrog zombie (D:5)
  5 jellies
  2 crimson imps
  2 quasits
  A bullfrog skeleton (D:8)
  8 hounds
  An iguana (D:7)
  5 worker ants
  An orc wizard (D:6)
  3 mummies (Ossuary)
  A worker ant zombie (D:7)
  6 adders
  5 gnolls
  An adder zombie (D:6)
  2 worms
  2 leopard geckos
  11 orcs
  A giant cockroach (D:3)
  3 goblins
  2 hobgoblins (D:2)
  6 jackals (D:7)
  5 quokkas
  3 bats
  3 frilled lizards
  A giant cockroach zombie (D:5)
  A gnoll skeleton (Ossuary)
  6 gnoll zombies (Ossuary)
  A goblin skeleton (Ossuary)
  2 goblin zombies (Ossuary)
  4 hobgoblin skeletons (Ossuary)
  2 hobgoblin zombies (Ossuary)
  11 kobolds
  3 kobold skeletons (Ossuary)
  A kobold zombie (Ossuary)
  2 leopard gecko skeletons (D:7)
  3 orc skeletons (Ossuary)
  3 orc zombies (Ossuary)
  3 rats (D:2)
  4 rat skeletons (Ossuary)
  2 rat zombies (Ossuary)
180 creatures vanquished.

Vanquished Creatures (collateral kills)
  2 howler monkeys (D:9)
2 creatures vanquished.

Vanquished Creatures (others)
  A bullfrog (D:9)
  A gnoll skeleton (Ossuary)
  A goblin skeleton (Ossuary)
  2 goblin zombies (Ossuary)
  2 hobgoblin skeletons (Ossuary)
  A hobgoblin zombie (Ossuary)
  4 kobold skeletons (Ossuary)
  4 kobold zombies (Ossuary)
  An orc skeleton (Ossuary)
  2 rat zombies (Ossuary)
19 creatures vanquished.

Grand Total: 201 creatures vanquished

Notes
Turn   | Place    | Note
-------+----------+-------------------------------------------
     0 | D:1      | tidbits the Gnoll Fire Elementalist began the quest for the Orb.
     0 | D:1      | Reached XP level 1. HP: 13/13 MP: 6/6
    16 | D:1      | Noticed a merfolk zombie
    98 | D:1      | Reached skill level 2 in Conjurations
   107 | D:1      | Reached XP level 2. HP: 19/19 MP: 2/7
   256 | D:2      | Learned a level 2 spell: Throw Flame
   384 | D:3      | Reached skill level 5 in Spellcasting
   384 | D:3      | Reached XP level 3. HP: 23/25 MP: 1/9
   389 | D:3      | Learned a level 3 spell: Conjure Flame
   450 | D:3      | Reached skill level 1 in Invocations
   541 | D:3      | Found a glowing silver altar of Zin.
   614 | D:4      | Reached skill level 1 in Fighting
   614 | D:4      | Reached skill level 1 in Short Blades
   614 | D:4      | Reached skill level 1 in Long Blades
   614 | D:4      | Reached skill level 1 in Axes
   614 | D:4      | Reached skill level 1 in Maces & Flails
   614 | D:4      | Reached skill level 1 in Polearms
   614 | D:4      | Reached skill level 1 in Staves
   614 | D:4      | Reached skill level 1 in Slings
   614 | D:4      | Reached skill level 1 in Bows
   614 | D:4      | Reached skill level 1 in Crossbows
   614 | D:4      | Reached skill level 1 in Throwing
   614 | D:4      | Reached skill level 1 in Armour
   614 | D:4      | Reached skill level 1 in Shields
   614 | D:4      | Reached skill level 1 in Unarmed Combat
   614 | D:4      | Reached skill level 1 in Evocations
   633 | D:4      | Reached XP level 4. HP: 29/32 MP: 2/11
   672 | D:4      | Noticed a phantom
   688 | D:4      | Killed a phantom
   688 | D:4      | Reached skill level 1 in Hexes
   688 | D:4      | Reached skill level 1 in Charms
   688 | D:4      | Reached skill level 1 in Summonings
   688 | D:4      | Reached skill level 1 in Necromancy
   688 | D:4      | Reached skill level 1 in Translocations
   688 | D:4      | Reached skill level 1 in Transmutations
   688 | D:4      | Reached skill level 1 in Ice Magic
   688 | D:4      | Reached skill level 1 in Air Magic
   688 | D:4      | Reached skill level 1 in Earth Magic
   688 | D:4      | Reached skill level 1 in Poison Magic
   688 | D:4      | Reached XP level 5. HP: 30/37 MP: 3/12
   802 | D:4      | Learned a level 4 spell: Sticky Flame
   827 | D:4      | Noticed letownia2's ghost (amateur MfSk)
   855 | D:4      | Killed letownia2's ghost
   855 | D:4      | Reached skill level 2 in Invocations
   855 | D:4      | Reached XP level 6. HP: 9/44 MP: 2/13
   874 | D:4      | Noticed Sigmund
   959 | D:4      | Found a shadowy altar of Dithmenos.
   980 | D:4      | Reached skill level 5 in Dodging
   987 | D:5      | Entered Level 5 of the Dungeon
  1033 | D:4      | Reached skill level 2 in Fighting
  1033 | D:4      | Reached skill level 2 in Short Blades
  1033 | D:4      | Reached skill level 2 in Long Blades
  1033 | D:4      | Reached skill level 2 in Axes
  1033 | D:4      | Reached skill level 2 in Maces & Flails
  1033 | D:4      | Reached skill level 2 in Polearms
  1033 | D:4      | Reached skill level 2 in Staves
  1033 | D:4      | Reached skill level 2 in Slings
  1033 | D:4      | Reached skill level 2 in Bows
  1033 | D:4      | Reached skill level 2 in Crossbows
  1033 | D:4      | Reached skill level 2 in Throwing
  1033 | D:4      | Reached skill level 2 in Armour
  1033 | D:4      | Reached skill level 2 in Shields
  1033 | D:4      | Reached skill level 2 in Unarmed Combat
  1033 | D:4      | Reached skill level 2 in Evocations
  1122 | D:6      | Reached XP level 7. HP: 34/50 MP: 9/15
  1310 | D:5      | Reached skill level 3 in Conjurations
  1310 | D:5      | Reached skill level 2 in Hexes
  1310 | D:5      | Reached skill level 2 in Charms
  1310 | D:5      | Reached skill level 2 in Summonings
  1310 | D:5      | Reached skill level 2 in Necromancy
  1310 | D:5      | Reached skill level 2 in Translocations
  1310 | D:5      | Reached skill level 2 in Transmutations
  1310 | D:5      | Reached skill level 2 in Ice Magic
  1310 | D:5      | Reached skill level 2 in Air Magic
  1310 | D:5      | Reached skill level 2 in Earth Magic
  1310 | D:5      | Reached skill level 2 in Poison Magic
  1353 | D:5      | Found a sand-covered staircase.
  1358 | Ossuary  | Entered an ossuary
  1609 | Ossuary  | Noticed Menkaure
  1611 | Ossuary  | Killed Menkaure
  1612 | Ossuary  | Reached skill level 5 in Stealth
  1668 | D:5      | Reached skill level 3 in Invocations
  1700 | D:5      | Reached XP level 8. HP: 41/57 MP: 3/16
  1781 | D:5      | Reached skill level 6 in Fire Magic
  1785 | D:5      | Noticed inc's ghost (amateur FeMo)
  1789 | D:5      | Killed inc's ghost
  1789 | D:5      | Reached skill level 3 in Fighting
  1789 | D:5      | Reached skill level 3 in Short Blades
  1789 | D:5      | Reached skill level 3 in Long Blades
  1789 | D:5      | Reached skill level 3 in Axes
  1789 | D:5      | Reached skill level 3 in Maces & Flails
  1789 | D:5      | Reached skill level 3 in Polearms
  1789 | D:5      | Reached skill level 3 in Staves
  1789 | D:5      | Reached skill level 3 in Slings
  1789 | D:5      | Reached skill level 3 in Bows
  1789 | D:5      | Reached skill level 3 in Crossbows
  1789 | D:5      | Reached skill level 3 in Throwing
  1789 | D:5      | Reached skill level 3 in Armour
  1789 | D:5      | Reached skill level 3 in Shields
  1789 | D:5      | Reached skill level 3 in Unarmed Combat
  1789 | D:5      | Reached skill level 3 in Evocations
  1876 | D:6      | Reached skill level 6 in Spellcasting
  1887 | D:6      | Found an opulent altar of Gozag.
  1937 | D:6      | Found a staircase to the Ecumenical Temple.
  1947 | Temple   | Entered the Ecumenical Temple
  2016 | Temple   | Became a worshipper of Cheibriados the Contemplative
  2068 | D:6      | Noticed Blork the orc
  2083 | D:6      | Killed Blork the orc
  2120 | D:6      | Found a glowing golden altar of the Shining One.
  2122 | D:6      | Noticed Anonimus's ghost (novice DsFi)
  2199 | D:7      | Noticed a hornet
  2209 | D:7      | Noticed a deep elf mage
  2212 | D:7      | Killed a hornet
  2212 | D:7      | Reached skill level 6 in Dodging
  2212 | D:7      | Reached skill level 3 in Hexes
  2212 | D:7      | Reached skill level 3 in Charms
  2212 | D:7      | Reached skill level 3 in Summonings
  2212 | D:7      | Reached skill level 3 in Necromancy
  2212 | D:7      | Reached skill level 3 in Translocations
  2212 | D:7      | Reached skill level 3 in Transmutations
  2212 | D:7      | Reached skill level 3 in Ice Magic
  2212 | D:7      | Reached skill level 3 in Air Magic
  2212 | D:7      | Reached skill level 3 in Earth Magic
  2212 | D:7      | Reached skill level 3 in Poison Magic
  2212 | D:7      | Reached skill level 4 in Invocations
  2212 | D:7      | Reached XP level 9. HP: 46/65 MP: 0/18
  2241 | D:7      | Reached * piety under Cheibriados
  2284 | D:7      | Reached skill level 4 in Fighting
  2284 | D:7      | Reached skill level 4 in Short Blades
  2284 | D:7      | Reached skill level 4 in Long Blades
  2284 | D:7      | Reached skill level 4 in Axes
  2284 | D:7      | Reached skill level 4 in Maces & Flails
  2284 | D:7      | Reached skill level 4 in Polearms
  2284 | D:7      | Reached skill level 4 in Staves
  2284 | D:7      | Reached skill level 4 in Slings
  2284 | D:7      | Reached skill level 4 in Bows
  2284 | D:7      | Reached skill level 4 in Crossbows
  2284 | D:7      | Reached skill level 4 in Throwing
  2284 | D:7      | Reached skill level 4 in Armour
  2284 | D:7      | Reached skill level 4 in Shields
  2284 | D:7      | Reached skill level 4 in Unarmed Combat
  2284 | D:7      | Reached skill level 4 in Conjurations
  2284 | D:7      | Reached skill level 4 in Evocations
  2337 | D:8      | Found Zal Witt's Assorted Antiques.
  2338 | D:8      | Found a staircase to the Lair.
  2367 | D:8      | Reached skill level 6 in Stealth
  2371 | D:8      | Reached ** piety under Cheibriados
  2404 | D:8      | Bought a viscous ruby potion for 26 gold pieces
  2411 | D:7      | Noticed a centaur warrior
  2443 | D:9      | Noticed a two-headed ogre
  2624 | D:7      | Noticed a manticore
  2632 | D:7      | Killed a manticore
  2632 | D:7      | Reached skill level 5 in Invocations
  2645 | D:7      | Learned a level 2 spell: Sticks to Snakes
  2721 | D:7      | Got a jewelled leather armour
  2732 | D:7      | Identified the +1 leather armour of Vehumet's Displeasure {*Contam rElec Str+8} (You found it on level 7 of the Dungeon)
  2735 | D:7      | Reached skill level 7 in Spellcasting
  2735 | D:7      | Reached XP level 10. HP: 73/73 MP: 14/20
  2796 | D:7      | Reached skill level 4 in Hexes
  2796 | D:7      | Reached skill level 4 in Charms
  2796 | D:7      | Reached skill level 4 in Summonings
  2796 | D:7      | Reached skill level 4 in Necromancy
  2796 | D:7      | Reached skill level 4 in Translocations
  2796 | D:7      | Reached skill level 4 in Transmutations
  2796 | D:7      | Reached skill level 4 in Ice Magic
  2796 | D:7      | Reached skill level 4 in Air Magic
  2796 | D:7      | Reached skill level 4 in Earth Magic
  2796 | D:7      | Reached skill level 4 in Poison Magic
  2799 | D:7      | Reached *** piety under Cheibriados
  2856 | D:8      | Got a pitted hand axe
  2857 | D:8      | Identified the +7 hand axe "Zerus" {freeze, MR- Str+8} (You found it on level 8 of the Dungeon)
  2922 | D:9      | Killed a two-headed ogre
  2922 | D:9      | Reached skill level 5 in Fighting
  2922 | D:9      | Reached skill level 5 in Short Blades
  2922 | D:9      | Reached skill level 5 in Long Blades
  2922 | D:9      | Reached skill level 5 in Axes
  2922 | D:9      | Reached skill level 5 in Maces & Flails
  2922 | D:9      | Reached skill level 5 in Polearms
  2922 | D:9      | Reached skill level 5 in Staves
  2922 | D:9      | Reached skill level 5 in Slings
  2922 | D:9      | Reached skill level 5 in Bows
  2922 | D:9      | Reached skill level 5 in Crossbows
  2922 | D:9      | Reached skill level 5 in Throwing
  2922 | D:9      | Reached skill level 5 in Armour
  2922 | D:9      | Reached skill level 5 in Shields
  2922 | D:9      | Reached skill level 5 in Unarmed Combat
  2922 | D:9      | Reached skill level 7 in Fire Magic
  2922 | D:9      | Reached skill level 5 in Evocations
  2992 | D:10     | Entered Level 10 of the Dungeon
  3050 | D:9      | Paralysed by a hornet for 2 turns
  3054 | D:9      | Reached skill level 7 in Dodging
  3060 | D:9      | Paralysed by a hornet for 3 turns
  3107 | D:10     | Noticed a two-headed ogre
  3121 | D:10     | Noticed Grum
  3121 | D:10     | Killed a two-headed ogre
  3121 | D:10     | Reached skill level 7 in Stealth
  3121 | D:10     | Reached skill level 5 in Conjurations
  3121 | D:10     | Reached skill level 6 in Invocations
  3145 | D:10     | Killed Grum
  3155 | D:10     | Reached **** piety under Cheibriados
  3204 | D:10     | Found a transporter.
  3211 | D:10     | Found a viscous altar of Jiyva.
  3212 | D:10     | Noticed a great orb of eyes
  3212 | D:10     | Found a transporter.
  3219 | D:10     | Reached XP level 11. HP: 68/81 MP: 16/22
  3222 | D:10     | Noticed a great orb of eyes
  3222 | D:10     | Slain by a very large slime creature

Skill      XL: |  1  2  3  4  5  6  7  8  9 10 |
---------------+-------------------------------+-----
Conjurations   | 2 3 4 5 |  5.3
Spellcasting   | 5 6 7 |  7.8
Invocations    | 1 2 3 4 5 6 |  6.4
Fighting       | 1 2 3 4 5 |  5.8
Short Blades   | 1 2 3 4 5 |  5.8
Long Blades    | 1 2 3 4 5 |  5.8
Axes           | 1 2 3 4 5 |  5.8
Maces & Flails | 1 2 3 4 5 |  5.8
Polearms       | 1 2 3 4 5 |  5.8
Staves         | 1 2 3 4 5 |  5.8
Slings         | 1 2 3 4 5 |  5.8
Bows           | 1 2 3 4 5 |  5.8
Crossbows      | 1 2 3 4 5 |  5.8
Throwing       | 1 2 3 4 5 |  5.8
Armour         | 1 2 3 4 5 |  5.8
Shields        | 1 2 3 4 5 |  5.8
Unarmed Combat | 1 2 3 4 5 |  5.8
Evocations     | 1 2 3 4 5 |  5.8
Hexes          | 1 2 3 4 |  4.8
Charms         | 1 2 3 4 |  4.8
Summonings     | 1 2 3 4 |  4.8
Necromancy     | 1 2 3 4 |  4.8
Translocations | 1 2 3 4 |  4.8
Transmutations | 1 2 3 4 |  4.8
Ice Magic      | 1 2 3 4 |  4.8
Air Magic      | 1 2 3 4 |  4.8
Earth Magic    | 1 2 3 4 |  4.8
Poison Magic   | 1 2 3 4 |  4.8
Dodging        | 5 6 7 |  7.5
Stealth        | 5 6 7 |  7.2
Fire Magic     | 6 7 |  7.4

Action                   |  1- 3 |  4- 6 |  7- 9 | 10-12 || total
-------------------------+-------+-------+-------+-------++-------
Melee: Dagger            |     4 |     3 |    21 |       ||    28
       Morningstar       |       |    49 |   162 |       ||   211
       Bite              |       |     6 |    24 |     9 ||    39
       Punch             |       |       |     5 |     3 ||     8
       Broad axe         |       |       |     9 |       ||     9
       Staff             |       |       |     7 |     3 ||    10
       Hand axe          |       |       |       |    49 ||    49
Throw: Tomahawk          |       |       |     2 |       ||     2
       Throwing net      |       |       |     1 |       ||     1
 Cast: Flame Tongue      |    46 |    23 |   105 |    28 ||   202
       Throw Flame       |     3 |     3 |     2 |     4 ||    12
       Sticky Flame      |       |     2 |    23 |    16 ||    41
       Conjure Flame     |       |       |     1 |     5 ||     6
       Sticks to Snakes  |       |       |       |     4 ||     4
Invok: Slouch            |       |       |       |     1 ||     1
  Use: Potion            |       |     2 |     5 |     6 ||    13
       Scroll            |       |       |    15 |     2 ||    17
 Stab: Sleeping          |     2 |     2 |     4 |       ||     8
       Invisible         |       |       |     6 |       ||     6
  Eat: Chunk             |       |     1 |     3 |     1 ||     5
       Ration            |       |       |     2 |       ||     2
Armor: Robe              |       |    17 |    56 |       ||    73
       Leather armour    |       |       |       |    23 ||    23
Dodge: Dodged            |     6 |    31 |   283 |   125 ||   445

Table legend:
 A = Turns spent in this place as a percentage of turns spent in the entire game.
 B = Non-inter-level travel turns spent in this place as a percentage of non-inter-level travel turns spent in the entire game.
 C = Inter-level travel turns spent in this place as a percentage of turns spent in this place.
 D = Turns resting spent in this place as a percentage of non-inter-level travel turns spent in this place.
 E = Turns spent auto-exploring this place as a percentage of non-inter-level travel turns spent in this place.
 F = Non-inter-level travel turns spent in this place divided by the number of levels of this place that you've seen.
                   A       B       C       D       E      F
               +-------+-------+-------+-------+-------+----------------------
         Total | 100.0 | 100.0 |   2.6 |   0.0 |   0.0 | 261.6
       Dungeon |  87.9 |  87.5 |   2.9 |   0.0 |   0.0 | 274.8
        Temple |   3.0 |   3.1 |   0.0 |   0.0 |   0.0 |  97.0
       Ossuary |   9.1 |   9.4 |   0.0 |   0.0 |   0.0 | 294.0
               +-------+-------+-------+-------+-------+----------------------

Table legend:
 A = Kills in this place as a percentage of kills in entire the game.
 B = Kills by you in this place as a percentage of kills by you in the entire game.
 C = Kills by friends in this place as a percentage of kills by friends in the entire game.
 D = Other kills in this place as a percentage of other kills in the entire game.
 E = Experience gained in this place as a percentage of experience gained in the entire game.
 F = Experience gained in this place divided by the number of levels of this place that you have seen.
                   A       B       C       D       E      F
               +-------+-------+-------+-------+-------+----------------------
         Total | 100.0 | 100.0 | 100.0 | 100.0 | 100.0 | 837.4
       Dungeon |  83.5 |  83.2 | 100.0 | 100.0 |  99.1 | 995.9
       Ossuary |  16.5 |  16.8 |   0.0 |   0.0 |   0.9 |  90.0
               +-------+-------+-------+-------+-------+----------------------

Vault maps used:
D:1:      shiori_arrival_whats_in_store_for_you, corexii_leaking_fountain,
          minmay_misc_feat_ornament, kennysheep_pointless_box
D:3:      nicolae_overflow_crystal_walls
D:4:      mumra_celtic_spiral_tile, lemuel_coloured_pillars_altar, uniq_sigmund
D:5:      enter_ossuary_2, first_ration
D:6:      lemuel_ice_spiral_2, lemuel_crystal_altar,
          nicolae_gozag_cash_rules_everything_around_me,
          minmay_temple_entry_grid, uniq_blork_the_orc
D:7:      minmay_the_grid_octo_2x2, kennysheep_mini, minitemple
D:8:      minmay_statue_hallways, lair_entry_dummy, serial_shops,
          nicolae_shop_trees, basic_altar
D:9:      lemuel_doored_altar, lemuel_blue_sif_altar, hangedman_pestilent_swarm,
          kennysheep_decorative_pillar
D:10:     gammafunk_jiyva_shrine, uniq_grum, uniq_maurice
Temple:   oiseaux_autumnal_temple
Ossuary:  ossuary_due_pyramid
